Map: Blueshift LE

Players

Zanster

  • Race: Zerg Zerg
  • Spawn Location: 1:00

JonSnow - Winner!

  • Race: Zerg Zerg
  • Spawn Location: 7:00

Event: WCS Montreal 2018

VOD

Have the link to the VOD?

Description

Time

  • Played on: Sept. 7, 2018, 4 p.m.
  • Length: 6:35

All games in this series

Show
View Real Time Build Order
Export as new Build Order

Zanster Zerg 

Build Orders: Hatch First 

Get SALT Encoding   

  12  0:00  Drone  
  13  0:12  Overlord  
  13  0:18  Drone  
  14  0:31  Drone  
  14  0:32  Drone  
  16  0:49  Hatchery  
  15  0:51  Drone  
  15  0:54  Drone  
  17  1:08  Spawning Pool  
  16  1:11  Drone  
  16  1:13  Extractor  
  16  1:16  Drone  
  17  1:20  Drone  
  18  1:28  Drone  
  19  1:39  Drone  
  20  1:50  Overlord  
  20  1:55  Queen  
  22  2:01  Queen  
  22  2:04  Drone x2  
  26  2:11  Drone x2  
  26  2:13  Metabolic Boost  
  28  2:22  Zergling x2  
  29  2:24  Zergling x2  
  30  2:33  Drone x2  
  32  2:42  Hatchery  
  32  2:43  Drone  
  32  2:48  Overlord  
  32  2:55  Roach Warren  
  31  3:01  Drone  
  32  3:05  Zergling x2  
  32  3:06  Zergling x4  
  32  3:07  Zergling x2  
  32  3:10  Zergling x2  
  37  3:15  Overlord  
  37  3:18  Overlord  
  37  3:22  Overlord  
  37  3:38  Roach x4  
  37  3:40  Roach  
  47  3:46  Roach  
  49  3:49  Roach  
  49  3:50  Roach  
  53  3:56  Roach  
  53  3:58  Roach  
  53  4:01  Overlord  
  57  4:09  Baneling Nest  
  56  4:11  Zergling x4  
  56  4:18  Zergling x6  
  56  4:22  Zergling x4  
  61  4:26  Zergling x4  
  63  4:35  Zergling x6  
  61  4:38  Overlord  
  55  4:50  Zergling x2  
  55  4:51  Zergling x8  
  46  4:54  Baneling x3  
  46  4:55  Baneling  
  42  5:04  Zergling x8  
  44  5:16  Baneling  
  44  5:17  Baneling  
  39  5:26  Zergling x16  
  39  5:34  Drone x2  
  39  5:36  Baneling x2  
  39  5:38  Baneling  
  39  5:47  Drone  
  39  5:48  Drone  
  41  5:53  Baneling x2  
  41  5:55  Zergling x4  
  41  6:07  Zergling x8  
  42  6:15  Baneling  
Show
View Real Time Build Order
Export as new Build Order

JonSnow Zerg - Winner!

Build Orders: Hatch First, Zergling Baneling 

Get SALT Encoding   

  12  0:00  Drone  
  13  0:12  Overlord  
  13  0:16  Drone  
  14  0:31  Drone x2  
  16  0:47  Hatchery  
  15  0:52  Drone  
  15  0:55  Drone  
  17  1:08  Spawning Pool  
  16  1:12  Drone  
  16  1:15  Extractor  
  16  1:17  Drone  
  17  1:21  Drone  
  18  1:28  Drone  
  19  1:52  Overlord  
  19  1:55  Queen  
  19  1:56  Zergling x2  
  19  1:59  Queen  
  19  2:00  Drone x2  
  26  2:11  Drone x2  
  28  2:17  Metabolic Boost  
  28  2:21  Drone  
  28  2:22  Drone  
  30  2:39  Drone x2  
  30  2:40  Baneling Nest  
  31  2:50  Hatchery  
  30  2:53  Overlord  
  30  2:58  Zergling x4  
  32  3:03  Zergling x2  
  32  3:04  Drone  
  34  3:07  Zergling x4  
  36  3:17  Overlord  
  36  3:19  Queen  
  38  3:21  Drone  
  38  3:24  Drone  
  40  3:29  Baneling x2  
  40  3:37  Zergling x8  
  40  3:38  Baneling x2  
  44  3:44  Zergling x2  
  45  3:51  Zergling x2  
  45  3:54  Overlord  
  46  4:00  Zergling x6  
  49  4:04  Overlord  
  49  4:06  Baneling x2  
  49  4:08  Zergling x8  
  53  4:12  Zergling x2  
  51  4:17  Overlord  
  51  4:20  Zergling x2  
  51  4:21  Zergling x2  
  51  4:23  Overlord  
  53  4:25  Zergling x4  
  53  4:29  Zergling x2  
  53  4:30  Zergling x2  
  57  4:33  Zergling x2  
  57  4:40  Zergling x2  
  57  4:43  Zergling x8  
  57  4:45  Zergling x2  
  57  4:51  Zergling x2  
  51  4:54  Baneling x2  
  51  4:55  Zergling x6  
  51  4:58  Baneling x3  
  51  4:59  Baneling  
  54  5:02  Drone  
  54  5:05  Zergling x4  
  57  5:09  Zergling x2  
  57  5:10  Zergling x2  
  55  5:14  Zergling x2  
  55  5:18  Zergling x6  
  55  5:21  Zergling x2  
  56  5:28  Zergling x8  
  57  5:31  Zergling x2  
  52  5:36  Zergling x6  
  52  5:38  Baneling x2  
  52  5:40  Drone  
  56  5:44  Zergling x2  
  56  5:48  Drone x2  
  59  5:50  Drone  
  56  6:06  Zergling x2  
  56  6:10  Zergling x18  
  63  6:16  Zergling x8  
Tags
 
Add a new tag
Caveats
  • Supply blocks, unpowered buildings, or Contaminate may cause inaccurate times.
  • Supply counts are checked every 10 seconds.